 Dungeon Crawl Stone Soup version 0.25-a0-890-g62861fb (console) character file.

Game seed: 17988828065367277858, levelgen mode: deterministic

9851 HarryHood the Basher (level 11, -1/150 HPs)
             Began as a Minotaur Berserker on May 5, 2020.
             Was a High Priest of Trog.
             Slain by a yak (11 damage)
             ... on level 11 of the Dungeon on May 6, 2020.
             The game lasted 00:48:55 (8375 turns).

HarryHood the Basher (Minotaur Berserker)           Turns: 8375, Time: 00:48:56

Health: -1/150     AC: 23    Str: 23    XL:     11   Next: 28%
Magic:  10/10      EV:  8    Int:  4    God:    Trog [*****.]
Gold:   563        SH:  5    Dex: 12    Spells: 10/10 levels left

rFire    . . .     SeeInvis .   a - +1 flail (drain)
rCold    . . .     Gourm    .   b - +0 buckler
rNeg     . . .     Faith    .   v - +0 plate armour
rPois    +         Spirit   .   E - +2 hat
rElec    .         Reflect  .   g - +1 cloak
rCorr    +         Harm     .   B - +0 pair of gloves {archery}
MR       .....                  i - +0 pair of boots
Stlth    ..........             (no amulet)
HPRegen  0.35/turn              y - ring of resist corrosion
MPRegen  0.12/turn              n - ring of poison resistance

@: berserking (expiring), very quick
A: retaliatory headbutt, horns 2
a: Berserk, Trog's Hand, Brothers in Arms, Renounce Religion


You were on level 11 of the Dungeon.
You worshipped Trog.
Trog was extremely pleased with you.
You were not hungry.

You visited 2 branches of the dungeon, and saw 12 of its levels.

You collected 563 gold pieces.

Inventory:

Hand Weapons
 a - a +1 flail of draining (weapon)
Missiles
 c - 303 stones (quivered)
 p - 73 sling bullets
Armour
 b - a +0 buckler (worn)
 g - a +1 cloak (worn)
 i - a +0 pair of boots (worn)
 q - the +1 ring mail of the Moon {rPois}
   (You found it on level 7 of the Dungeon)

   It protects you from poison.
 v - a +0 plate armour (worn)
 B - a +0 pair of gloves of archery (worn)
 E - a +2 hat (worn)
Jewellery
 n - a ring of poison resistance (right hand)
 y - a ring of resist corrosion (left hand)
 A - an uncursed ring of fire {unknown}
Scrolls
 f - 4 scrolls of teleportation {@r0}
 h - 3 scrolls of fog
 j - 4 scrolls of magic mapping {@r5}
 k - 3 scrolls of remove curse {@r1}
 o - a scroll of blinking {@r7}
 r - 2 scrolls of identify
Potions
 d - 3 potions of brilliance
 l - 3 potions of heal wounds {@q1}
 m - 5 potions of curing {@q2}
 s - a potion of lignification {unknown}
 t - a potion of stabbing {unknown}
 u - a potion of flight {unknown}
 w - 3 potions of might
 z - a potion of berserk rage {unknown}
 C - a potion of invisibility {unknown}
 D - a potion of mutation {unknown}
Comestibles
 e - 12 rations {@e1}


   Skills:
 + Level 10.3 Fighting
 - Level 14.0 Maces & Flails
 - Level 12.0 Armour
 - Level 2.1 Dodging
 - Level 4.0 Shields


You had 10 spell levels left.
You didn't know any spells.
Your spell library was empty.

Dungeon Overview and Level Annotations

Branches:
Dungeon (11/15)            Temple (1/1) D:6            Lair (0/6) D:11
    Orc (0/2) D:10

Altars:
Dithmenos
Makhleb
Qazlal
Ru
Vehumet
Xom

Shops:
D:5 *   D:7 [   D:10 }


Innate Abilities, Weirdness & Mutations

You reflexively headbutt those who attack you in melee.
You have a pair of horns on your head.


Message History

The titanic slime creature hits you but does no damage.
You bludgeon the titanic slime creature!!
You drain the titanic slime creature! You sock the titanic slime creature!
You headbutt the titanic slime creature!
The yak gores you but does no damage.
The titanic slime creature hits you but does no damage.
You are too berserk!
You sock the titanic slime creature! You drain the titanic slime creature.
You sock the titanic slime creature! You drain the titanic slime creature.
The yak gores you but does no damage.
The titanic slime creature barely misses you.
You sock the titanic slime creature! You sock the titanic slime creature!
The yak barely misses you. You furiously retaliate!
You headbutt the yak!
The titanic slime creature hits you but does no damage.
You sock the titanic slime creature!
Your plate armour prevents you from hitting the titanic slime creature.
The yak gores you!
You die...

## ####▒ ### ...
#...###.###### ....
.###.......+.#####
....! ##
▒..##.##....>Y##......
#############@JSY.....
####..>... ..... ###
#.## #?# # #.# #.#
#.## #..#


You could see a titanic slime creature, 2 yaks and an adder.

Vanquished Creatures
  2 two-headed ogres
  An unseen horror (D:10)
  A cyclops (D:9)
  Maggie (D:7)
  2 trolls
  2 hippogriffs (D:9)
  3 wyverns (D:11)
  2 yaks (D:11)
  A human (D:10)
  A basilisk (D:11)
  A hungry ghost (D:7)
  A steam dragon (D:11)
  6 black bears
  8 orc warriors
  2 ice beasts
  3 sky beasts
  8 ogres
  4 centaurs
  2 crocodiles (D:11)
  2 bullfrogs
  A water moccasin zombie (D:11)
  7 scorpions
  3 killer bees (D:9)
  3 electric eels (D:10)
  A howler monkey (D:5)
  4 crimson imps
  2 bullfrog zombies (D:8)
  2 centaur zombies
  6 hounds
  A jelly (D:10)
  3 quasits
  4 orc priests
  A centaur skeleton (D:10)
  4 iguanas
  4 bullfrog skeletons
  7 orc wizards
  13 worker ants
  3 hound skeletons
  A worker ant zombie (D:10)
  10 adders
  2 howler monkey skeletons
  2 shadow imps
  2 oozes
  3 worms
  A dart slug (D:1)
  3 leopard geckos
  42 orcs
  5 bats
  5 goblins
  3 hobgoblins
  11 jackals
  9 kobolds
  4 quokkas
  A ball python (D:5)
  3 frilled lizards
  A quokka skeleton (D:7)
  6 rats
236 creatures vanquished.

Notes
Turn   | Place    | Note
-------+----------+-------------------------------------------
     0 | D:1      | HarryHood the Minotaur Berserker began the quest for the
                  | Orb.
     0 | D:1      | Reached XP level 1. HP: 19/19 MP: 0/0
   122 | D:1      | Reached skill level 4 in Maces & Flails
   161 | D:1      | Reached XP level 2. HP: 25/26 MP: 1/1
   730 | D:2      | Reached skill level 5 in Maces & Flails
   770 | D:2      | Found a shadowy altar of Dithmenos.
   814 | D:2      | Reached XP level 3. HP: 26/31 MP: 2/2
  1570 | D:3      | Reached skill level 6 in Maces & Flails
  1570 | D:3      | Reached skill level 4 in Fighting
  1570 | D:3      | Reached XP level 4. HP: 37/40 MP: 3/3
  2087 | D:4      | Reached ** piety under Trog
  2112 | D:4      | Reached skill level 5 in Fighting
  2112 | D:4      | Reached XP level 5. HP: 42/48 MP: 4/4
  2203 | D:4      | Reached skill level 6 in Fighting
  2266 | D:4      | Reached XP level 6. HP: 47/57 MP: 5/5
  2276 | D:4      | Reached skill level 7 in Maces & Flails
  2425 | D:4      | Noticed a two-headed ogre
  2436 | D:4      | Killed a two-headed ogre
  2436 | D:4      | Reached skill level 9 in Maces & Flails
  2436 | D:4      | Reached skill level 8 in Fighting
  2436 | D:4      | Reached XP level 7. HP: 66/69 MP: 6/6
  2436 | D:4      | Reached XP level 8. HP: 72/75 MP: 7/7
  2581 | D:5      | Entered Level 5 of the Dungeon
  2626 | D:5      | Found Miureh's General Store.
  2671 | D:5      | Reached skill level 9 in Fighting
  2671 | D:5      | Reached skill level 3 in Armour
  2753 | D:5      | Reached skill level 4 in Armour
  2753 | D:5      | Reached skill level 1 in Shields
  2796 | D:5      | Found a sacrificial altar of Ru.
  2806 | D:5      | Reached *** piety under Trog
  2837 | D:5      | Reached skill level 2 in Shields
  2856 | D:5      | Reached skill level 5 in Armour
  3187 | D:6      | Found a staircase to the Ecumenical Temple.
  3205 | Temple   | Entered the Ecumenical Temple
  3228 | D:6      | Found a stormy altar of Qazlal.
  3262 | D:6      | Reached skill level 6 in Armour
  3262 | D:6      | Reached skill level 3 in Shields
  3564 | D:6      | Reached skill level 4 in Shields
  3617 | D:6      | Reached XP level 9. HP: 83/83 MP: 8/8
  3705 | D:7      | Reached skill level 10 in Maces & Flails
  3815 | D:7      | Got a pitted ring mail
  3839 | D:7      | Found a radiant altar of Vehumet.
  3842 | D:7      | Noticed Maggie
  3856 | D:7      | Killed Maggie
  3856 | D:7      | Reached skill level 7 in Armour
  4240 | D:7      | Reached skill level 11 in Maces & Flails
  4353 | D:7      | Found Mafev's Armour Boutique.
  4374 | D:7      | Identified the +1 ring mail of the Moon {rPois} (You found
                  | it on level 7 of the Dungeon)
  4475 | D:8      | Reached **** piety under Trog
  4596 | D:8      | Reached skill level 8 in Armour
  4629 | D:8      | Reached skill level 12 in Maces & Flails
  4905 | D:8      | Found a shimmering altar of Xom.
  4941 | D:8      | Reached XP level 10. HP: 91/91 MP: 9/9
  5193 | D:9      | Found a burning altar of Makhleb.
  5478 | D:9      | Reached skill level 9 in Armour
  5616 | D:9      | Reached ***** piety under Trog
  5616 | D:9      | Reached skill level 13 in Maces & Flails
  5706 | D:9      | Noticed a cyclops
  5711 | D:9      | Killed a cyclops
  5926 | D:10     | Entered Level 10 of the Dungeon
  5953 | D:10     | Found a staircase to the Orcish Mines.
  6386 | D:10     | Killed an unseen horror
  6541 | D:10     | Reached skill level 14 in Maces & Flails
  6541 | D:10     | Reached skill level 10 in Armour
  7225 | D:10     | Found Caottus's Gadget Shoppe.
  7639 | D:11     | Noticed a two-headed ogre
  7649 | D:11     | Killed a two-headed ogre
  7649 | D:11     | Reached skill level 11 in Armour
  7649 | D:11     | Reached XP level 11. HP: 75/97 MP: 10/10
  7726 | D:11     | Noticed an orc knight
  8107 | D:11     | Reached skill level 10 in Fighting
  8245 | D:11     | Found a staircase to the Lair.
  8342 | D:11     | Reached skill level 12 in Armour
  8362 | D:11     | HP: 14/150 [titanic slime creature (40)]
  8375 | D:11     | Slain by a yak

Levels and vault maps discovered:
D:1:      shiori_arrival_oz, layout_loops_ring
D:2:      layout_loops_ring, nicolae_dithmenos_shadow_blocks
D:3:      layout_loops_ring
D:4:      layout_basic
D:5:      layout_loops_cross, serial_shops, nicolae_shop_behind_doors,
          first_ration, nicolae_ru_great_annihilating_truth
D:6:      layout_rooms, temple_fountains, basic_altar,
          chequers_serial_rivers_micro_d
D:7:      layout_rooms, serial_shops, nicolae_shop_crystal, basic_altar,
          uniq_maggie
D:8:      layout_loops_ring, serial_glass, glass_columns_c, glass_columns_a,
          xom_teletrap_fun
D:9:      layout_loops_cross, bloody_makhleb
D:10:     layout_cave_pools, orc_0_dummy, serial_shops, shop, grunt_pizzeria,
          hangedman_abyss_or_decor_stagger, st_stairs_5, disabler_island
D:11:     layout_roguey [special_room_orc], erik_lair_dragon
Temple:   kilobyte_greek_temple

Skill      XL: |  1  2  3  4  5  6  7  8  9 10 11 |
---------------+----------------------------------+-----
Maces & Flails | 4 5 6 9 12 14 | 14.0
Fighting       | 4 5 6 8 9 10 | 10.3
Armour         | 6 8 11 12 | 12.0
Shields        | 4 |  4.0
Dodging        | |  2.1

Action                   |  1- 3 |  4- 6 |  7- 9 | 10-12 || total
-------------------------+-------+-------+-------+-------++-------
Melee: Mace              |    85 |    28 |       |       ||   113
       Headbutt          |     7 |    19 |    54 |    69 ||   149
       Flail             |       |    69 |   264 |   315 ||   648
Throw: Stone             |       |       |       |    13 ||    13
Invok: Berserk           |       |     1 |     1 |     4 ||     6
  Use: Scroll            |     5 |       |     6 |     7 ||    18
 Stab: Paralysed         |       |       |     1 |       ||     1
  Eat: Chunk             |     2 |     3 |     7 |     8 ||    20
       Ration            |       |       |     2 |     2 ||     4
Armor: Animal skin       |    10 |       |       |       ||    10
       Ring mail         |    17 |       |       |       ||    17
       Scale mail        |    20 |    36 |    36 |       ||    92
       Plate armour      |       |       |    62 |   245 ||   307
Dodge: Dodged            |    48 |    34 |    62 |   114 ||   258
Block: Buckler           |     7 |    14 |    46 |    52 ||   119

Table legend:
 A = Non-vault XP
 B = Vault XP
 C = Vault XP percentage of total XP
 D = Non-vault monster count
 E = Vault monster count
 F = Vault count percentage of total count
                 A         B        C        D         E       F
            +---------+---------+-------+---------+---------+-------
      Total |   11418 |    2656 |  18.9 |     211 |      25 |  10.6
            +---------+---------+-------+---------+---------+-------
        D:1 |      33 |       1 |   2.9 |      15 |       1 |   6.2
        D:2 |      22 |       0 |   0.0 |      13 |       0 |   0.0
        D:3 |     112 |       0 |   0.0 |      11 |       0 |   0.0
        D:4 |    1293 |       0 |   0.0 |      31 |       0 |   0.0
        D:5 |     651 |      40 |   5.8 |      15 |       4 |  21.1
        D:6 |     725 |       0 |   0.0 |      21 |       0 |   0.0
        D:7 |     962 |     376 |  28.1 |      14 |       1 |   6.7
        D:8 |    1368 |       0 |   0.0 |      23 |       0 |   0.0
        D:9 |    2416 |       0 |   0.0 |      38 |       0 |   0.0
       D:10 |    1692 |     643 |  27.5 |      17 |       7 |  29.2
       D:11 |    2144 |    1596 |  42.7 |      13 |      12 |  48.0
            +---------+---------+-------+---------+---------+-------
